[Event "ICC tourney 2605 (40 5)"]
[Site "Internet Chess Club"]
[Date "2021.06.12"]
[Round "2"]
[White "MCQUILLIN, DANIL ALSANDAIR:K09-15050406"]
[Black "MAHESHWARI, JAYANT:K09-14966376"]
[Result "1-0"]
[ICCResult "Black resigns"]
[WhiteElo "1193"]
[BlackElo "2059"]
[Opening "English: four knights, kingside fianchetto"]
[ECO "A29"]
[NIC "EO.04"]
[Time "14:00:11"]
[PlyCount "57"]
[TimeControl "2400+5"]

1. c4 Nf6 2. Nc3 e5 3. Nf3 Nc6 4. g3 Bb4 5. Bg2 d6 6. d4 O-O 7. O-O Bxc3 8.
bxc3 Bd7 9. h3 Qe7 10. Bg5 Rfd8 11. Qc2 h6 12. Bxf6 Qxf6 13. Rfd1 Bf5 14.
Qb2 Rab8 15. dxe5 Nxe5 16. Nxe5 Qxe5 17. Rd5 Qe6 18. g4 Be4 19. Bxe4 Qxe4
20. Rd4 Qg6 21. Rad1 b6 22. Qd2 Re8 23. Kh2 Re4 24. f3 Re7 25. e4 Rbe8 26.
Re1 Re5 27. f4 Rxe4 28. Rdxe4 Rxe4 29. f5 { Black resigns } 1-0

[Event "ICC tourney 2605 (40 5)"]
[Site "Internet Chess Club"]
[Date "2021.06.12"]
[Round "2"]
[White "LUO, TERRY:K09-15210186"]
[Black "VU, LEONARD:K09-15005368"]
[Result "1-0"]
[ICCResult "Black resigns"]
[WhiteElo "2232"]
[BlackElo "1990"]
[Opening "Catalan opening"]
[ECO "E00"]
[NIC "CA.01"]
[Time "14:00:52"]
[PlyCount "91"]
[TimeControl "2400+5"]

1. d4 Nf6 2. c4 e6 3. g3 c5 4. d5 d6 5. Nc3 Na6 6. Bg2 Nc7 7. e4 g6 8. Nf3
Bg7 9. O-O O-O 10. Re1 exd5 11. exd5 b5 12. cxb5 Bb7 13. Ng5 h6 14. Ne6
fxe6 15. dxe6 Qc8 16. e7 Re8 17. Bxb7 Qxb7 18. Qxd6 Ncd5 19. Bxh6 Bxh6 20.
Nxd5 Nxd5 21. Qxg6+ Bg7 22. Qe6+ Kh7 23. Re4 Nf6 24. Rh4+ Kg6 25. Rg4+ Kh7
26. Qf5+ Kg8 27. Qxf6 Rxe7 28. Rd1 Rae8 29. Qc6 Re1+ 30. Rxe1 Rxe1+ 31. Kg2
Qxc6+ 32. bxc6 Re6 33. b4 Rxc6 34. Rc4 Bd4 35. f4 Kf7 36. bxc5 Bxc5 37. Kf3
Ke6 38. Re4+ Kd5 39. h4 Ra6 40. a4 Rb6 41. Re5+ Kd4 42. h5 Rb3+ 43. Kg4 Ra3
44. h6 Bf8 45. h7 Rxa4 46. h8=Q { Black resigns } 1-0

[Event "ICC tourney 2605 (40 5)"]
[Site "Internet Chess Club"]
[Date "2021.06.12"]
[Round "2"]
[White "ZONG, DAVIS:K09-14980186"]
[Black "HE, STEPHEN:K09-14726703"]
[Result "1-0"]
[ICCResult "Black resigns"]
[WhiteElo "2270"]
[BlackElo "2066"]
[Opening "Grünfeld: modern exchange variation"]
[ECO "D85"]
[NIC "GI.04"]
[Time "14:00:23"]
[PlyCount "117"]
[TimeControl "2400+5"]

1. d4 Nf6 2. c4 g6 3. Nc3 d5 4. cxd5 Nxd5 5. e4 Nxc3 6. bxc3 Bg7 7. Nf3 c5
8. Be2 O-O 9. O-O Nc6 10. Be3 Qc7 11. Rb1 Rd8 12. Qc1 Bg4 13. Rd1 Rac8 14.
Qb2 b6 15. h3 Bxf3 16. Bxf3 Na5 17. Qb5 cxd4 18. cxd4 Qc4 19. Qxc4 Nxc4 20.
Rbc1 Nxe3 21. fxe3 Bh6 22. Kf2 Kf8 23. Be2 e6 24. Ba6 Rxc1 25. Rxc1 Ke7 26.
Rc2 Rd6 27. Rc7+ Rd7 28. Rc8 Rd8 29. Rc2 Rd6 30. e5 Rd5 31. Rc7+ Rd7 32.
Rc6 Kd8 33. Rc8+ Ke7 34. Bb5 Rd8 35. Rc7+ Kf8 36. a4 a5 37. h4 Rb8 38. g4
Kg8 39. Ke2 Bf8 40. Kd3 Bb4 41. h5 Kf8 42. e4 Rd8 43. Kc4 Be1 44. d5 exd5+
45. exd5 Bg3 46. Kd4 gxh5 47. gxh5 f6 48. Rxh7 Bxe5+ 49. Ke4 Kg8 50. Rb7
Bc3 51. Bc6 Kh8 52. Kf5 Rg8 53. d6 Rd8 54. Ke6 Bb4 55. d7 Kg8 56. Rc7 Kf8
57. Rc8 Be7 58. h6 f5 59. h7 { Black resigns } 1-0

[Event "ICC tourney 2605 (40 5)"]
[Site "Internet Chess Club"]
[Date "2021.06.12"]
[Round "2"]
[White "NAVEEN, AARUSH:K09-16031675"]
[Black "MENON, GAURI:K09-15187152"]
[Result "1-0"]
[ICCResult "Black checkmated"]
[WhiteElo "1693"]
[BlackElo "1960"]
[Opening "Giuoco Piano"]
[ECO "C54"]
[NIC "IG.02"]
[Time "14:00:53"]
[PlyCount "107"]
[TimeControl "2400+5"]

1. e4 e5 2. Nf3 Nc6 3. Bc4 Bc5 4. c3 Nf6 5. d3 a6 6. O-O Ba7 7. Nbd2 O-O 8.
Re1 Ng4 9. Re2 d6 10. Nf1 Kh8 11. h3 Nh6 12. Ng3 f5 13. Bxh6 gxh6 14. exf5
Bxf5 15. Nxf5 Rxf5 16. d4 d5 17. Bb3 e4 18. Ne5 Nxe5 19. dxe5 Rxe5 20. Kh1
Qg5 21. Qd2 Qh5 22. c4 d4 23. Qf4 Qf5 24. Rxe4 Qxe4 25. Qf6+ Kg8 26. c5+
Rd5 27. Rd1 Rf8 28. f3 Rxf6 29. fxe4 Rf2 30. Rxd4 Bxc5 31. Rxd5 Bb6 32. e5
Kg7 33. e6 Re2 34. Rd7+ Kg6 35. Rf7 Bc5 36. g4 Bd6 37. Kg1 Kg5 38. Kf1 Re3
39. Rf5+ Kh4 40. Kf2 Rxh3 41. Rh5+ Kxg4 42. Bd1+ Kf4 43. Rxh3 Bc5+ 44. Ke2
Kg4 45. Rf3 h5 46. Rf7 h4 47. e7 Bxe7 48. Rxe7 h3 49. Rxh7 Kg3 50. Ke3 h2
51. Bf3 c5 52. Rg7+ Kh3 53. Kf4 b5 54. Rh7# { Black checkmated } 1-0

[Event "ICC tourney 2605 (40 5)"]
[Site "Internet Chess Club"]
[Date "2021.06.12"]
[Round "2"]
[White "XIONG, LANG:K09-16344675"]
[Black "SHUMAN, NATHANIEL LANDE:K09-14782020"]
[Result "0-1"]
[ICCResult "White resigns"]
[WhiteElo "1786"]
[BlackElo "2133"]
[Opening "QGA: 3.e4"]
[ECO "D20"]
[NIC "QG.04"]
[Time "14:01:22"]
[PlyCount "120"]
[TimeControl "2400+5"]

1. d4 d5 2. c4 dxc4 3. e4 e5 4. Nf3 Bb4+ 5. Bd2 Bxd2+ 6. Qxd2 exd4 7. Qxd4
Qxd4 8. Nxd4 Nf6 9. Nc3 O-O 10. Bxc4 a6 11. O-O b5 12. Bb3 c5 13. Nf3 Bb7
14. e5 Ng4 15. Bd5 Bxd5 16. Nxd5 Nc6 17. Rfe1 Rad8 18. Nc7 Nb4 19. e6 fxe6
20. Nxe6 Nc2 21. Nxf8 Rxf8 22. Rac1 Nxe1 23. Rxe1 Rd8 24. h3 Nf6 25. Re6 c4
26. Rxa6 Rd1+ 27. Kh2 Rb1 28. Ne5 h6 29. a4 Rxb2 30. axb5 c3 31. Rc6 Rxb5
32. Nd3 Nd5 33. Nc1 Kh7 34. Ne2 Rb2 35. Nd4 Rd2 36. Nf3 Rxf2 37. Rc5 c2 38.
Kg1 Re2 39. Kf1 Nf4 40. Nd4 Rxg2 41. Nxc2 Rh2 42. Rc4 Nxh3 43. Ne3 Rf2+ 44.
Ke1 Rf3 45. Ke2 Rf4 46. Rc6 Rf2+ 47. Kd3 Ng5 48. Kd4 Nf3+ 49. Ke4 Ng5+ 50.
Kd5 Re2 51. Kd4 Rd2+ 52. Ke5 Rd3 53. Kf4 Nh3+ 54. Ke4 Nf2+ 55. Kf3 Nd1 56.
Ke2 Rc3 57. Rxc3 Nxc3+ 58. Kf3 g5 59. Kg4 Kg6 60. Nf5 h5+ { White resigns }
0-1

[Event "ICC tourney 2605 (40 5)"]
[Site "Internet Chess Club"]
[Date "2021.06.12"]
[Round "2"]
[White "KROTOV, DAMIAN:K09-17105641"]
[Black "HU, MERRIC:K09-14686967"]
[Result "0-1"]
[ICCResult "White checkmated"]
[WhiteElo "1819"]
[BlackElo "2275"]
[Opening "King's Indian: Petrosian system, Stein variation"]
[ECO "E92"]
[NIC "KI.17"]
[Time "14:00:31"]
[PlyCount "106"]
[TimeControl "2400+5"]

1. d4 Nf6 2. c4 g6 3. Nc3 Bg7 4. e4 d6 5. Nf3 O-O 6. Be2 e5 7. d5 a5 8. Bg5
h6 9. Bh4 Na6 10. Nd2 Qe8 11. f3 Nh5 12. Bf2 f5 13. a3 Bd7 14. b3 Bf6 15.
Rb1 Qe7 16. b4 axb4 17. axb4 b6 18. g3 f4 19. g4 Bh4 20. O-O Bxf2+ 21. Rxf2
Ng7 22. Qf1 Qh4 23. c5 Nb8 24. c6 Bc8 25. b5 h5 26. Rg2 hxg4 27. fxg4 Qh3
28. Qf3 Qh4 29. Nc4 Ne8 30. Rf1 Nf6 31. g5 Nh7 32. Kh1 Bh3 33. Rg4 Bxg4 34.
Qxg4 Qxg4 35. Bxg4 Nxg5 36. h4 Nh7 37. Rg1 f3 38. Rf1 Rf4 39. Be6+ Kg7 40.
Kh2 Nf6 41. Rf2 Nxe4 42. Nxe4 Rxe4 43. Nxb6 cxb6 44. c7 Rxh4+ 45. Kg3 Rc4
46. c8=Q Rxc8 47. Bxc8 e4 48. Kf4 Ra4 49. Ke3 Kf6 50. Rh2 Ke5 51. Rh8 Ra3+
52. Kf2 Ra2+ 53. Ke3 Re2# { White checkmated } 0-1

[Event "ICC tourney 2605 (40 5)"]
[Site "Internet Chess Club"]
[Date "2021.06.12"]
[Round "2"]
[White "MEI, AUSTIN R:K09-16090452"]
[Black "WU, WILLIAM:K09-15782241"]
[Result "1-0"]
[ICCResult "Black checkmated"]
[WhiteElo "2149"]
[BlackElo "1854"]
[Opening "Evans gambit"]
[ECO "C52"]
[NIC "IG.05"]
[Time "14:00:20"]
[PlyCount "101"]
[TimeControl "2400+5"]

1. e4 e5 2. Nf3 Nc6 3. Bc4 Bc5 4. b4 Bxb4 5. c3 Ba5 6. d4 exd4 7. O-O Nf6
8. cxd4 Nxe4 9. d5 Ne7 10. Qd4 Nf6 11. Bg5 O-O 12. Nbd2 Bb6 13. Qb2 c6 14.
d6 Nf5 15. Ne4 Nxe4 16. Bxd8 Bxd8 17. Rae1 Nexd6 18. Bb3 b6 19. Rd1 Bc7 20.
Rfe1 h5 21. Ng5 Bd8 22. Nf3 Bf6 23. Qc2 Ba6 24. h3 h4 25. g4 hxg3 26. fxg3
Rfe8 27. Kf2 Rxe1 28. Rxe1 Nd4 29. Nxd4 Bxd4+ 30. Kg2 Bb7 31. Kh2 c5 32.
Qg6 Bf6 33. Qg4 Bc6 34. Rf1 Be5 35. Qh5 Bf6 36. Bc2 Ne4 37. Re1 Ng5 38. Rf1
Re8 39. h4 Nf3+ 40. Kh3 Re2 41. Bh7+ Kf8 42. Rxf3 Bxf3 43. Qxf3 Re8 44. Bf5
Rd8 45. Qd5 d6 46. Bd3 Be5 47. Bc4 Rd7 48. g4 Re7 49. Qa8+ Re8 50. Qxa7 Bd4
51. Qxf7# { Black checkmated } 1-0

[Event "ICC tourney 2605 (40 5)"]
[Site "Internet Chess Club"]
[Date "2021.06.12"]
[Round "2"]
[White "SAMMONS, EVAN:K09-16792076"]
[Black "MAHAJAN, RUSHAAN:K09-15449416"]
[Result "1/2-1/2"]
[ICCResult "Game drawn by mutual agreement"]
[WhiteElo "1966"]
[BlackElo "2209"]
[Opening "Nimzo-Indian: classical variation"]
[ECO "E32"]
[NIC "NI.24"]
[Time "14:00:26"]
[PlyCount "183"]
[TimeControl "2400+5"]

1. d4 Nf6 2. c4 e6 3. Nc3 Bb4 4. Qc2 d6 5. e4 O-O 6. Bd3 Nc6 7. Ne2 e5 8.
d5 Nd4 9. Qd1 c5 10. O-O Bg4 11. f3 Bh5 12. a3 Ba5 13. Nxd4 cxd4 14. Ne2
Qd7 15. b4 Bb6 16. Bg5 Bd8 17. Ng3 Bg6 18. Bxf6 Bxf6 19. Qd2 Qe7 20. f4
exf4 21. Qxf4 Be5 22. Qf3 Bxg3 23. Qxg3 Bxe4 24. Bxe4 Qxe4 25. Rae1 Qc2 26.
Qxd6 Qxc4 27. Qc5 Qxc5 28. bxc5 Rac8 29. Rc1 Rfd8 30. d6 b6 31. cxb6 axb6
32. Rxc8 Rxc8 33. Rd1 Rd8 34. Rxd4 Rd7 35. Rc4 f6 36. Rc6 b5 37. Rb6 Kf7
38. Kf2 Ra7 39. Rxb5 Rxa3 40. Rb7+ Kg6 41. Ke2 Ra6 42. Rd7 Ra2+ 43. Kf3 f5
44. Rb7 Rd2 45. Rb6 Kf6 46. h4 g6 47. g4 fxg4+ 48. Kxg4 Rd4+ 49. Kg3 Ke6
50. Rb7 h5 51. Rg7 Rg4+ 52. Kh3 Kxd6 53. Rf7 Ke6 54. Rf2 Ke5 55. Rf8 Rf4
56. Rg8 Rf6 57. Ra8 Rf3+ 58. Kg2 Rd3 59. Ra6 Kf5 60. Ra5+ Kf6 61. Ra6+ Kf5
62. Ra5+ Ke6 63. Ra6+ Rd6 64. Ra5 Kf6 65. Rb5 Re6 66. Kf3 Ra6 67. Rc5 Ra3+
68. Kg2 Ra4 69. Kg3 Rg4+ 70. Kh3 Ke6 71. Ra5 Re4 72. Ra6+ Kf5 73. Kg3 Re3+
74. Kg2 Re5 75. Rb6 Ra5 76. Rc6 g5 77. hxg5 Kxg5 78. Rc2 Re5 79. Rb2 h4 80.
Rc2 Re4 81. Rb2 Kg4 82. Rc2 h3+ 83. Kh2 Rf4 84. Rd2 Rc4 85. Rb2 Ra4 86. Rc2
Rb4 87. Ra2 Rc4 88. Rb2 Rd4 89. Ra2 Rd1 90. Ra4+ Kf3 91. Ra3+ Kf2 92. Kxh3
{ Game drawn by mutual agreement } 1/2-1/2

[Event "ICC tourney 2605 (40 5)"]
[Site "Internet Chess Club"]
[Date "2021.06.12"]
[Round "2"]
[White "SINGH, HERSH:K09-15024326"]
[Black "PETERSON, RYAN HARADA:K09-14901322"]
[Result "1-0"]
[ICCResult "Black resigns"]
[WhiteElo "2251"]
[BlackElo "2016"]
[Opening "QGA: 3.e4"]
[ECO "D20"]
[NIC "QG.04"]
[Time "14:00:20"]
[PlyCount "129"]
[TimeControl "2400+5"]

1. d4 d5 2. c4 dxc4 3. e4 e5 4. Nf3 exd4 5. Bxc4 Nc6 6. O-O Be6 7. Bb5 Bc5
8. b4 Bb6 9. a4 a6 10. Bxc6+ bxc6 11. a5 Ba7 12. Bb2 Nf6 13. Bxd4 Nxe4 14.
Bxa7 Qxd1 15. Rxd1 Rxa7 16. Nd4 Bd5 17. f3 Nd6 18. Nc3 Kd7 19. Na4 Re8 20.
Nc5+ Kc8 21. Re1 Kd8 22. Kf2 Nb7 23. Rxe8+ Kxe8 24. Re1+ Kd8 25. Nd3 Ra8
26. Rc1 f6 27. Nxc6+ Bxc6 28. Rxc6 Kd7 29. Rc4 Re8 30. h4 Re6 31. h5 Rc6
32. Rg4 g6 33. hxg6 hxg6 34. Rxg6 Ke6 35. g4 Rc3 36. Ke2 Kf7 37. Rh6 Kg7
38. Rh5 c6 39. Nc5 Nd6 40. Nxa6 Nb5 41. f4 Nd4+ 42. Kd2 Rg3 43. g5 Nf3+ 44.
Kc3 Nxg5+ 45. Kc4 Ne6 46. Rh4 Rf3 47. Nc5 Nc7 48. Rg4+ Kf7 49. Rh4 Nb5 50.
Nd3 Ke6 51. Rh2 Nd6+ 52. Kd4 Nb5+ 53. Ke4 Rf1 54. Nc5+ Kd6 55. Rd2+ Ke7 56.
Rd7+ Ke8 57. Kf5 Rb1 58. Rh7 Rxb4 59. Ke6 Nd4+ 60. Kxf6 Kd8 61. a6 Rb1 62.
a7 Ra1 63. Rh8+ Kc7 64. a8=Q Rxa8 65. Rxa8 { Black resigns } 1-0

[Event "ICC tourney 2605 (40 5)"]
[Site "Internet Chess Club"]
[Date "2021.06.12"]
[Round "2"]
[White "KAPLAN, AVI HARRISON:K09-15263943"]
[Black "SAFRANEK, VEDA ROSE:K09-14975007"]
[Result "1-0"]
[ICCResult "Black resigns"]
[WhiteElo "2116"]
[BlackElo "1681"]
[Opening "Nimzo-Indian: 4.e3"]
[ECO "E40"]
[NIC "NI.17"]
[Time "14:00:40"]
[PlyCount "193"]
[TimeControl "2400+5"]

1. d4 Nf6 2. c4 e6 3. Nc3 Bb4 4. e3 Ne4 5. Qc2 d5 6. Bd3 Nxc3 7. bxc3 Be7
8. Nf3 h6 9. Ne5 O-O 10. O-O c5 11. f4 Nc6 12. Rb1 Nxe5 13. fxe5 b6 14.
cxd5 exd5 15. Rf3 Be6 16. Bd2 f6 17. exf6 Bxf6 18. Rbf1 Rc8 19. dxc5 bxc5
20. e4 Qb6 21. e5 c4+ 22. Be3 cxd3 23. Qxd3 d4 24. Bxd4 Qc7 25. exf6 Bc4
26. fxg7 Rxf3 27. Qxf3 Bxf1 28. Qxf1 Qa5 29. Qe2 Qf5 30. h3 Qf7 31. Qa6 Re8
32. Qd6 h5 33. a4 a6 34. a5 Qa2 35. Qh6 Qb1+ 36. Kf2 Qe1+ 37. Kf3 Qe2+ 38.
Kg3 h4+ 39. Kxh4 Qe1+ 40. Kg4 Qe2+ 41. Kg3 Qb5 42. h4 Qd3+ 43. Kh2 Qb5 44.
Qg5 Qb8+ 45. Kh3 Qc8+ 46. Qg4 Qc7 47. h5 Re1 48. Qg3 Rh1+ 49. Kg4 Qd7+ 50.
Kg5 Qd5+ 51. Be5 Qd8+ 52. Kg4 Qe8 53. h6 Qh5+ 54. Kf4 Rf1+ 55. Ke3 Qxh6+
56. Ke2 Rb1 57. Bd4 Rb2+ 58. Kd3 Rd2+ 59. Ke4 Qe6+ 60. Be5 Re2+ 61. Kd4
Rd2+ 62. Ke3 Rc2 63. Kd3 Rc1 64. Bd4 Rd1+ 65. Kc2 Re1 66. Qb8+ Qe8 67.
Qxe8+ Rxe8 68. Kd3 Rb8 69. c4 Kf7 70. Bc3 Rd8+ 71. Kc2 Re8 72. Kb3 Re2 73.
c5 Rxg2 74. Kc4 Rg4+ 75. Kd5 Rg5+ 76. Kc6 Rg6+ 77. Kb7 Rg3 78. Be5 Rg6 79.
c6 Ke6 80. c7 Kxe5 81. c8=Q Rxg7+ 82. Kxa6 Rg6+ 83. Kb7 Rg7+ 84. Qc7+ Rxc7+
85. Kxc7 Kd5 86. a6 Kc5 87. a7 Kb5 88. a8=Q Kb4 89. Qd5 Kc3 90. Kd6 Kb4 91.
Kc6 Kc3 92. Qe4 Kb3 93. Kc5 Kc3 94. Qe3+ Kc2 95. Kc4 Kb2 96. Qe2+ Ka3 97.
Qd2 { Black resigns } 1-0

[Event "ICC tourney 2605 (40 5)"]
[Site "Internet Chess Club"]
[Date "2021.06.12"]
[Round "3"]
[White "MENON, GAURI:K09-15187152"]
[Black "HALL, STEWART WILLIAM:K09-15065861"]
[Result "1-0"]
[ICCResult "Black resigns"]
[WhiteElo "1960"]
[BlackElo "1427"]
[Opening "Neo-Grünfeld, 6.O-O"]
[ECO "D77"]
[NIC "GI.02"]
[Time "17:00:28"]
[PlyCount "49"]
[TimeControl "2400+5"]

1. Nf3 Nf6 2. g3 g6 3. Bg2 Bg7 4. d4 d5 5. O-O O-O 6. c4 Nc6 7. cxd5 Nxd5
8. Nc3 Nb6 9. e3 Bg4 10. h3 Be6 11. b3 Qd7 12. Bb2 Bxh3 13. Ne4 Bxg2 14.
Kxg2 Nd5 15. Nc5 Qc8 16. e4 Ndb4 17. a3 Na6 18. Nxa6 bxa6 19. Qc2 Qb7 20.
d5 Bxb2 21. dxc6 Qb6 22. Qxb2 Qxc6 23. Rae1 Rab8 24. Rh1 Qa4 25. Rxh7 {
Black resigns } 1-0

[Event "ICC tourney 2605 (40 5)"]
[Site "Internet Chess Club"]
[Date "2021.06.12"]
[Round "3"]
[White "BONDALAPATI, SRIVIBHAV:K09-16633657"]
[Black "LIM, TIMOTHY:K09-16139198"]
[Result "0-1"]
[ICCResult "White checkmated"]
[WhiteElo "1101"]
[BlackElo "1846"]
[Opening "Sicilian: dragon, Yugoslav attack, Rauser variation"]
[ECO "B76"]
[NIC "SI.17"]
[Time "17:00:23"]
[PlyCount "88"]
[TimeControl "2400+5"]

1. e4 c5 2. Nf3 d6 3. d4 cxd4 4. Nxd4 Nf6 5. Nc3 g6 6. Be3 Bg7 7. f3 O-O 8.
Qd2 Nc6 9. O-O-O d5 10. Nxc6 bxc6 11. exd5 cxd5 12. Nxd5 Nxd5 13. Qxd5 Qc7
14. Qc4 Qe5 15. Bd4 Qf4+ 16. Kb1 Be6 17. Qc3 Rfd8 18. g3 Rxd4 19. Rxd4 Qxd4
20. Qxd4 Bxd4 21. c3 Bg7 22. Bd3 Rb8 23. Ka1 Rd8 24. Be4 f5 25. Bb1 Rd2 26.
h3 a5 27. Re1 Kf7 28. a3 a4 29. g4 fxg4 30. hxg4 Bb3 31. f4 Bh6 32. g5 Bg7
33. f5 gxf5 34. Bxf5 Rd1+ 35. Rxd1 Bxd1 36. Bxh7 Bb3 37. Kb1 Be5 38. Bd3
Bf4 39. g6+ Kf6 40. Be4 e5 41. Ka1 Bh6 42. Kb1 Kg5 43. Kc1 Kf4 44. Bb1 Kf3#
{ White checkmated } 0-1

[Event "ICC tourney 2605 (40 5)"]
[Site "Internet Chess Club"]
[Date "2021.06.12"]
[Round "3"]
[White "EISENBRAUN, TYLER:K09-30031250"]
[Black "MARTIN, DREW:K09-16062286"]
[Result "0-1"]
[ICCResult "White checkmated"]
[WhiteElo "472"]
[BlackElo "1903"]
[Opening "Réti: King's Indian attack"]
[ECO "A05"]
[NIC "QP.11"]
[Time "17:00:24"]
[PlyCount "112"]
[TimeControl "2400+5"]

1. Nf3 Nf6 2. g3 g6 3. Bg2 Bg7 4. d4 d5 5. O-O O-O 6. Bg5 h6 7. Bxf6 exf6
8. Nc3 Re8 9. Re1 f5 10. Bh3 c6 11. e3 Nd7 12. a3 Nf6 13. Ne5 Ne4 14. Nxe4
fxe4 15. Bxc8 Qxc8 16. Ng4 h5 17. Ne5 Qf5 18. c4 f6 19. Nxg6 Qxg6 20. cxd5
cxd5 21. Qb3 Qf7 22. Rac1 Rac8 23. Rxc8 Rxc8 24. Kg2 Kh8 25. h4 Rc7 26. a4
Qe6 27. Ra1 Bf8 28. a5 Bd6 29. Qa4 Qd7 30. Qxd7 Rxd7 31. f3 Rc7 32. fxe4
dxe4 33. Kh3 Rg7 34. Rg1 f5 35. d5 Kg8 36. Rg2 Kf7 37. b3 Ke7 38. Rg1 Be5
39. Rg2 Kd6 40. Rg1 Kxd5 41. Rd1+ Kc5 42. Rc1+ Kb4 43. Rc4+ Kxb3 44. Rc5
Rxg3+ 45. Kh2 Bd6 46. Rb5+ Ka4 47. Rxb7 Rg7+ 48. Kh3 Rxb7 49. a6 Rb3 50.
Kg2 Rxe3 51. Kf2 Rf3+ 52. Kg2 f4 53. Kg1 e3 54. Kg2 Rf2+ 55. Kg1 f3 56. Kh1
Rf1# { White checkmated } 0-1

[Event "ICC tourney 2605 (40 5)"]
[Site "Internet Chess Club"]
[Date "2021.06.12"]
[Round "3"]
[White "LEE, JAYDEN:K09-15757981"]
[Black "LUO, TERRY:K09-15210186"]
[Result "1/2-1/2"]
[ICCResult "Game drawn by mutual agreement"]
[WhiteElo "2106"]
[BlackElo "2232"]
[Opening "Sicilian"]
[ECO "B56"]
[NIC "SI.25"]
[Time "17:00:32"]
[PlyCount "50"]
[TimeControl "2400+5"]

1. e4 c5 2. Nf3 d6 3. d4 cxd4 4. Nxd4 Nf6 5. Nc3 Nc6 6. Be3 Ng4 7. Nxc6
bxc6 8. Bf4 e5 9. Bg3 Be7 10. Be2 Nf6 11. O-O O-O 12. Bc4 Be6 13. Qe2 Bxc4
14. Qxc4 Nh5 15. Qxc6 Rb8 16. Nd5 Rxb2 17. Qc3 Rb8 18. Rab1 Rxb1 19. Rxb1
Nf6 20. Nxf6+ Bxf6 21. Rd1 Qb6 22. Qa3 Rc8 23. c3 h5 24. h4 Qc6 25. Qb4
Qxc3 { Game drawn by mutual agreement } 1/2-1/2

[Event "ICC tourney 2605 (40 5)"]
[Site "Internet Chess Club"]
[Date "2021.06.12"]
[Round "3"]
[White "PETERSON, RYAN HARADA:K09-14901322"]
[Black "XIONG, LANG:K09-16344675"]
[Result "1-0"]
[ICCResult "Black resigns"]
[WhiteElo "2016"]
[BlackElo "1786"]
[Opening "King's Indian: Sämisch, 5...O-O"]
[ECO "E81"]
[NIC "KI.48"]
[Time "17:00:51"]
[PlyCount "55"]
[TimeControl "2400+5"]

1. d4 Nf6 2. c4 g6 3. Nc3 Bg7 4. e4 d6 5. f3 O-O 6. Be3 Nbd7 7. Nh3 e5 8.
d5 Ne8 9. Nf2 f5 10. Nd3 f4 11. Bf2 a5 12. Be2 Nef6 13. a3 b6 14. b4 Ba6
15. Nc1 Qe8 16. Nb3 axb4 17. axb4 g5 18. c5 Bxe2 19. Kxe2 bxc5 20. bxc5
Rxa1 21. Qxa1 Qb8 22. Rb1 Qa8 23. c6 Nb6 24. Bxb6 cxb6 25. Nb5 Qb8 26. Rc1
Qd8 27. Qa3 Ne8 28. c7 { Black resigns } 1-0

[Event "ICC tourney 2605 (40 5)"]
[Site "Internet Chess Club"]
[Date "2021.06.12"]
[Round "3"]
[White "JIANG, NICHOLAS:K09-15273385"]
[Black "SHRIGADI, ARYAN:K09-15491764"]
[Result "1-0"]
[ICCResult "Black resigns"]
[WhiteElo "1985"]
[BlackElo "1454"]
[Opening "Sicilian: Najdorf"]
[ECO "B90"]
[NIC "SI.14"]
[Time "17:00:41"]
[PlyCount "141"]
[TimeControl "2400+5"]

1. e4 c5 2. Nf3 d6 3. d4 cxd4 4. Nxd4 Nf6 5. Nc3 a6 6. f3 e5 7. Nb3 Be6 8.
Be3 Nc6 9. Qd2 d5 10. exd5 Nxd5 11. Nxd5 Qxd5 12. O-O-O Qxd2+ 13. Rxd2 Be7
14. Kb1 O-O 15. a3 Rfd8 16. Bd3 Bxb3 17. cxb3 Nd4 18. b4 Rac8 19. Be4 Nc6
20. Rxd8+ Rxd8 21. Rc1 Rc8 22. Bb6 g6 23. Rd1 Kf8 24. Rd7 Rb8 25. Kc2 Ke8
26. Rxb7 Rc8 27. Kb3 f5 28. Bd5 Nd4+ 29. Bxd4 exd4 30. Bc4 Rd8 31. Kc2 Rd7
32. Rxd7 Kxd7 33. Bxa6 Kc6 34. Kd3 Bf6 35. b3 h5 36. f4 Kb6 37. Bc4 g5 38.
g3 h4 39. gxh4 gxf4 40. h5 f3 41. Bd5 f2 42. Ke2 Bh4 43. h6 d3+ 44. Kf1 d2
45. Bf3 Bf6 46. Kxf2 Kc7 47. Ke2 Kd6 48. h7 Bc3 49. h8=Q Bxh8 50. Kxd2 Bb2
51. a4 Ba3 52. Kc3 Bc1 53. Kc4 Bf4 54. h4 Kc7 55. a5 Kb8 56. b5 Ka7 57. b4
Be5 58. h5 Kb8 59. h6 Kc7 60. h7 Kb8 61. b6 f4 62. b5 Bh8 63. Kd5 Bc3 64.
Kc6 Bg7 65. a6 Kc8 66. a7 Kd8 67. a8=Q+ Ke7 68. Qb7+ Kf6 69. Qd7 Kg6 70.
Be4+ Kh6 71. Qf5 { Black resigns } 1-0

[Event "ICC tourney 2605 (40 5)"]
[Site "Internet Chess Club"]
[Date "2021.06.12"]
[Round "3"]
[White "PAN, KEVIN:K09-14740822"]
[Black "MEI, AUSTIN R:K09-16090452"]
[Result "1/2-1/2"]
[ICCResult "Game drawn by mutual agreement"]
[WhiteElo "2260"]
[BlackElo "2149"]
[Opening "Ruy Lopez: open, 8...Be6"]
[ECO "C80"]
[NIC "RL.27"]
[Time "17:00:30"]
[PlyCount "35"]
[TimeControl "2400+5"]

1. e4 e5 2. Nf3 Nc6 3. Bb5 a6 4. Ba4 Nf6 5. O-O Nxe4 6. d4 b5 7. Bb3 d5 8.
dxe5 Be6 9. Be3 Be7 10. c3 O-O 11. Nbd2 Nc5 12. Bc2 Nd7 13. Nb3 Ncxe5 14.
Nxe5 Nxe5 15. Qh5 Ng6 16. f4 f5 17. Rae1 Qd7 18. Nd4 { Game drawn by mutual
agreement } 1/2-1/2

[Event "ICC tourney 2605 (40 5)"]
[Site "Internet Chess Club"]
[Date "2021.06.12"]
[Round "3"]
[White "STONE, VINCENT WILLIAM:K09-15537233"]
[Black "UPPATHIL, ADITHYA SATISH:K09-30062860"]
[Result "1-0"]
[ICCResult "Black checkmated"]
[WhiteElo "2075"]
[BlackElo "1667"]
[Opening "Sicilian: Najdorf, 7...Be7"]
[ECO "B98"]
[NIC "SI.09"]
[Time "17:00:30"]
[PlyCount "89"]
[TimeControl "2400+5"]

1. e4 c5 2. Nf3 d6 3. d4 cxd4 4. Nxd4 Nf6 5. Nc3 a6 6. Bg5 e6 7. f4 Be7 8.
Qf3 h6 9. Bh4 Nc6 10. Nxc6 bxc6 11. e5 Nd5 12. Bxe7 Qxe7 13. exd6 Qxd6 14.
g3 Qb4 15. O-O-O Rb8 16. Nxd5 Qxb2+ 17. Kd2 cxd5 18. Qc3 Qb4 19. Bd3 Bd7
20. Rb1 Qxc3+ 21. Kxc3 Rxb1 22. Rxb1 Ke7 23. Bxa6 Ra8 24. Rb6 Kd8 25. Kb4
Kc7 26. Kc5 g5 27. Rb7+ Kd8 28. Kb6 Bc8 29. Ra7 Rxa7 30. Kxa7 Bxa6 31. Kxa6
gxf4 32. gxf4 f5 33. Kb7 e5 34. a4 exf4 35. a5 f3 36. a6 f2 37. a7 f1=Q 38.
a8=Q+ Ke7 39. Qa3+ Ke6 40. Kc8 f4 41. Kd8 f3 42. Qe7+ Kf5 43. Qh7+ Kg4 44.
Qg6+ Kh3 45. Qg3# { Black checkmated } 1-0

[Event "ICC tourney 2605 (40 5)"]
[Site "Internet Chess Club"]
[Date "2021.06.12"]
[Round "3"]
[White "LU, JASON:K09-15264313"]
[Black "MALLADI, SADKRITH:K09-15797710"]
[Result "1-0"]
[ICCResult "Black resigns"]
[WhiteElo "2192"]
[BlackElo "1897"]
[Opening "Sicilian: accelerated fianchetto, Maróczy bind"]
[ECO "B36"]
[NIC "SI.33"]
[Time "17:00:47"]
[PlyCount "85"]
[TimeControl "2400+5"]

1. e4 c5 2. Nf3 Nc6 3. d4 cxd4 4. Nxd4 g6 5. c4 Nf6 6. Nc3 Bg7 7. Be2 Nxe4
8. Ndb5 Nxc3 9. Nxc3 O-O 10. O-O d6 11. Be3 Be6 12. Rc1 Rc8 13. Qd2 Ne5 14.
b3 b6 15. h3 Nc6 16. f4 Qd7 17. Bf3 f5 18. Rfe1 Bf7 19. Rcd1 Rfd8 20. Nd5
e6 21. Nc3 Ne7 22. Bd4 e5 23. Bxe5 dxe5 24. Qxd7 Rxd7 25. Rxd7 e4 26. Nxe4
fxe4 27. Rxe4 Nc6 28. Kh2 Kf8 29. Bg4 Be8 30. Rxg7 Rd8 31. Rxh7 Kg8 32. Rc7
Kf8 33. Rxe8+ Kxe8 34. Rxc6 Rd2 35. a4 Rb2 36. Rxg6 Rxb3 37. Rg8+ Kf7 38.
Ra8 a5 39. Bd7 Rc3 40. Bb5 Re3 41. Ra6 Re6 42. c5 bxc5 43. Bc4 { Black
resigns } 1-0